[Event "DVM U12 2019"]
[Site "Magedburg"]
[Date "2019.12.27"]
[Round "1"]
[White "Kempe, Caius Emilian"]
[Black "Uhlmann, Tim"]
[Result "1-0"]
[ECO "B14"]
[WhiteElo "1832"]
[BlackElo "1446"]
[Annotator "NA"]
[PlyCount "107"]
[EventDate "2019.12.27"]
[EventType "team-tourn"]
[EventRounds "7"]
[EventCountry "GER"]
[SourceTitle "playchess.com"]
[Source "ChessBase"]
[SourceQuality "1"]
[WhiteTeam "USV TU Dresden"]
[BlackTeam "SF Neureut"]
[TimeControl "40/5400+30:1800+30"]

1. d4 d5 2. c4 e6 3. Nc3 c5 4. e3 cxd4 5. exd4 Nf6 6. Nf3 Nc6 7. Be2 a6 {[%emt 0:00:52] B14: Caro-Kann: Panov-Botvinnik Attack with 5...e6 and 5...g6} (7... dxc4 8. Bxc4 Bb4 9. O-O O-O 10. Bg5 Bxc3 11. bxc3 b6 12. Qe2 Bb7 13. Rfd1 Ne7 14. Ne5 Rc8 15. Rac1 Qd6 16. Bd3 Ng6 17. Bxf6 gxf6 18. Ng4 {1-0 (59) Peng,X (2427)-Li,D (2450) Tianjin 2018}) 8. a4 Ne4 9. O-O Bb4 10. Qc2 Bxc3 $146 ({Predecessor:} 10... f5 11. Be3 Bxc3 12. bxc3 O-O 13. Ne5 f4 14. Nxc6 bxc6 15. f3 {1-0 (70) Suomalainen,E (2156)-Iivonen,M (2019) Finland 2014}) 11. bxc3 O-O 12. Ne5 f6 13. Nxc6 bxc6 14. f3 Nd6 15. c5 {[%emt 0:00:50] unterminated} Nb7 {[%emt 0:04:08] unterminated} 16. Bd3 {[%emt 0:03:32] unterminated} f5 17. Bf4 {[%emt 0:01:27] unterminated} Qd7 18. Rfe1 Nd8 {[%emt 0:02:07] unterminated} 19. Rab1 {[%emt 0:03:56] unterminated} Nf7 20. a5 Bb7 21. Rb6 g5 22. Bg3 Kg7 23. Be5+ {[%emt 0:01:35] unterminated} Nxe5 24. Rxe5 {[%emt 0:00:01] unterminated} Rf6 {[%emt 0:04:11] unterminated} 25. Qe2 Qc8 {[%emt 0:03:10] unterminated} 26. Qd2 h6 27. Re1 {[%emt 0:02:47] unterminated} Ra7 {[%emt 0:04:23] unterminated} 28. Qe2 h5 {[%emt 0:02:39] unterminated} 29. Qd2 {[%emt 0:06:01] unterminated} Kg6 {[%emt 0:11:20] unterminated} 30. Qe2 Kg7 {[%emt 0:01:39] unterminated} 31. Qb2 Rf7 32. Re5 {[%emt 0:01:40] unterminated} g4 33. Qf2 {[%emt 0:03:17] unterminated} Qd7 {[%emt 0:09:54] unterminated} 34. Qe3 {[%emt 0:04:38] unterminated} Rf6 35. fxg4 {[%emt 0:02:59] unterminated} hxg4 {[%emt 0:00:58] unterminated} 36. Qf4 {[%emt 0:03:37] unterminated} Qc7 {[%emt 0:06:35] unterminated} 37. g3 {[%emt 0:06:59] unterminated} Qd7 {[%emt 0:02:23] unterminated} 38. Re2 {[%emt 0:02:41] unterminated} Rf7 {[%emt 0:03:13] unterminated} 39. Qe5+ {[%emt 0:05:16] unterminated} Rf6 {[%emt 0:00:40] unterminated} 40. Qb8 Bc8 {[%emt 0:00:55] unterminated} 41. Qd6 $18 Kf7 42. Qxc6 Qxc6 43. Rxc6 Ra8 44. Rb2 Ke7 45. Rd6 Rf8 46. Rbb6 Rd8 47. Rxd8 Kxd8 48. Kf2 Ke7 49. Ke3 Kd7 50. Kf4 Ke8 51. Ke5 {[%emt 0:00:22] unterminated} Ke7 52. c4 {[%emt 0:00:30] unterminated} dxc4 53. Bxc4 Ra7 {[%emt 0:00:46] unterminated} 54. Bxe6 {[%emt 0:00:32] unterminated} 1-0

[Event "DVM U12 2019"]
[Site "Magedburg"]
[Date "2019.12.27"]
[Round "1"]
[White "Krüger, Arthur"]
[Black "Beyer, Lorenz"]
[Result "1-0"]
[ECO "C00"]
[WhiteElo "1693"]
[BlackElo "1274"]
[Annotator "NA RC"]
[PlyCount "27"]
[EventDate "2019.12.27"]
[EventType "team-tourn"]
[EventRounds "7"]
[EventCountry "GER"]
[SourceTitle "playchess.com"]
[Source "ChessBase"]
[SourceQuality "1"]
[WhiteTeam "Hamburger SK"]
[BlackTeam "Barnimer SF"]
[TimeControl "40/5400+30:1800+30"]

1. e4 e6 2. d4 d5 3. Bd3 Be7 4. e5 c5 5. c3 Nc6 6. Be3 Qb6 7. Qd2 Bd7 8. Nf3 cxd4 9. cxd4 f6 10. O-O Nb4 11. Be2 Bb5 12. Bxb5+ Qxb5 13. Nc3 fxe5 14. Nxb5 {[%emt 0:00:27] normal} 1-0

[Event "DVM U12 2019"]
[Site "Magedburg"]
[Date "2019.12.27"]
[Round "1"]
[White "Hoffmann, Kay"]
[Black "Fuhrmann, Bahne"]
[Result "0-1"]
[ECO "A03"]
[WhiteElo "1621"]
[BlackElo "1603"]
[Annotator "NA RC"]
[PlyCount "64"]
[EventDate "2019.12.27"]
[EventType "team-tourn"]
[EventRounds "7"]
[EventCountry "GER"]
[SourceTitle "playchess.com"]
[Source "ChessBase"]
[SourceQuality "1"]
[WhiteTeam "Barnimer SF"]
[BlackTeam "Hamburger SK"]
[TimeControl "40/5400+30:1800+30"]

1. f4 d5 2. Nf3 Nh6 3. e3 g6 4. Be2 Bg7 5. O-O O-O 6. Nc3 Bf5 7. d3 c6 8. e4 Qb6+ 9. Kh1 dxe4 10. Nxe4 Ng4 11. Nfg5 Ne3 12. Bxe3 Qxe3 13. Qe1 h6 14. g4 Bc8 15. Rf3 Qb6 16. Qh4 Qxb2 17. Rg1 f5 18. gxf5 Bxf5 19. Nh3 Qxc2 20. Bd1 Qxa2 21. Qxe7 Qf7 22. Qh4 Qe6 23. Nc5 Qf6 24. Bb3+ Kh8 25. Ng5 Nd7 26. Nce4 Bxe4 27. dxe4 Nc5 28. e5 Qf5 29. Ba2 Ne4 30. Rh3 Nxg5 31. Rxg5 Qe4+ 32. Rg2 Rxf4 {[%emt 0:00:55] normal} 0-1

[Event "DVM U12 2019"]
[Site "Magedburg"]
[Date "2019.12.27"]
[Round "1"]
[White "Brandstrup, Luca Alexander"]
[Black "Dominick, Maximilian"]
[Result "1-0"]
[ECO "B08"]
[WhiteElo "1602"]
[BlackElo "1120"]
[Annotator "NA RC"]
[PlyCount "55"]
[EventDate "2019.12.27"]
[EventType "team-tourn"]
[EventRounds "7"]
[EventCountry "GER"]
[SourceTitle "playchess.com"]
[Source "ChessBase"]
[SourceQuality "1"]
[WhiteTeam "Hamburger SK"]
[BlackTeam "Barnimer SF"]
[TimeControl "40/5400+30:1800+30"]

1. e4 g6 2. d4 Bg7 3. Nc3 d6 4. Nf3 Nf6 5. e5 Nfd7 6. Qe2 dxe5 7. dxe5 O-O 8. e6 Nf6 9. exf7+ Rxf7 10. Ng5 Rf8 11. Ne6 Bxe6 12. Qxe6+ Kh8 13. Bc4 Nbd7 14. Be3 b6 15. O-O-O a6 16. Bg5 h6 17. Bxf6 Rxf6 18. Qxd7 Qxd7 19. Rxd7 Rxf2 20. Rxc7 b5 21. Bb3 Re8 22. g3 e5 23. Bd5 Ref8 24. h4 h5 25. Ne4 Bh6+ 26. Kd1 R2f3 27. Ng5 Rxg3 28. Rh7# {normal} 1-0

[Event "DVM U12 2019"]
[Site "Magedburg"]
[Date "2019.12.27"]
[Round "1"]
[White "Fischer, Darja"]
[Black "Freude, Max"]
[Result "1/2-1/2"]
[ECO "E32"]
[WhiteElo "1546"]
[BlackElo "1809"]
[Annotator "NA"]
[PlyCount "90"]
[EventDate "2019.12.27"]
[EventType "team-tourn"]
[EventRounds "7"]
[EventCountry "GER"]
[SourceTitle "playchess.com"]
[Source "ChessBase"]
[SourceQuality "1"]
[WhiteTeam "Karlsruher SF"]
[BlackTeam "SV Empor Berlin"]
[TimeControl "40/5400+30:1800+30"]

1. d4 Nf6 2. c4 e6 3. Nc3 Bb4 4. Qc2 O-O 5. Bg5 h6 6. Bh4 d5 7. cxd5 exd5 8. e3 Re8 9. Nf3 c6 10. Bd3 {[%emt 0:03:02] unterminated} Nbd7 11. O-O {[%emt 0:03:16] unterminated} Qa5 {[%emt 0:05:00] unterminated} 12. Ne2 {[%emt 0:04:59] unterminated D52: Queen's Gambit Declined: Cambridge Springs Variation} (12. a3 Bxc3 13. bxc3 Ne4 14. c4 Nb6 15. c5 Nd7 16. a4 Re6 17. Bxe4 Rxe4 18. Bg3 Re6 19. Nd2 Nf6 {1-0 (33) Ruck,R (2557)-Krasenkow,M (2655) Ohrid 2001}) 12... Ne4 {[%emt 0:05:42] unterminated} 13. a3 Bd6 {[%emt 0:01:54] unterminated} 14. Nc3 $146 ({Predecessor:} 14. b4 Qc7 15. Rfc1 a6 16. Rab1 f5 17. Bg3 Nxg3 18. hxg3 g6 19. a4 Nf6 {1-0 (30) Stolba,M (2093)-Zvara,D (2009) Czechia 2011}) 14... Nxc3 15. Qxc3 Qxc3 16. bxc3 g5 17. Bg3 Bxg3 18. hxg3 g4 19. Nd2 Nf6 20. Rfe1 Ne4 21. Bxe4 dxe4 22. Nb3 b6 23. Nc1 Be6 24. Ne2 Rac8 25. Nf4 Bc4 26. Rac1 Red8 {[%emt 0:01:42] unterminated} 27. Red1 Bb3 28. Re1 {[%emt 0:01:21] unterminated} c5 29. Rf1 Rd6 {[%emt 0:04:27] unterminated} 30. Rfe1 f5 {[%emt 0:02:46] unterminated} 31. Rf1 Kf7 {[%emt 0:03:31] unterminated} 32. Rfe1 Rd7 {[%emt 0:01:59] unterminated} (32... b5 $15) 33. Rb1 Bc2 34. Rbc1 Bb3 35. Rb1 Bc2 36. Rbc1 Ba4 {[%emt 0:00:04] unterminated} 37. d5 {[%emt 0:11:53] unterminated} b5 38. Rb1 a6 {[%emt 0:01:06] unterminated} 39. Rb2 {[%emt 0:00:19] unterminated} a5 {[%emt 0:07:42] unterminated} 40. Rc1 {[%emt 0:03:43] unterminated} Rb8 {[%emt 0:02:30] unterminated} 41. Rcb1 {[%emt 0:32:17] unterminated} Ke7 {[%emt 0:32:46] unterminated} 42. Kf1 {[%emt 0:03:31] unterminated} Kd6 {[%emt 0:02:58] unterminated} 43. Ke2 {[%emt 0:01:06] unterminated} Rdb7 44. Rh1 {[%emt 0:00:45] unterminated} Rh7 {[%emt 0:01:46] unterminated} 45. Rh5 $11 Rf8 {[%emt 0:05:30] normal} 1/2-1/2

[Event "DVM U12 2019"]
[Site "Magedburg"]
[Date "2019.12.27"]
[Round "1"]
[White "Freude, Paul"]
[Black "Kossert, Simon"]
[Result "*"]
[ECO "B33"]
[WhiteElo "1491"]
[BlackElo "1343"]
[Annotator "NA RC"]
[PlyCount "71"]
[EventDate "2019.12.27"]
[EventType "team-tourn"]
[EventRounds "7"]
[EventCountry "GER"]
[SourceTitle "playchess.com"]
[Source "ChessBase"]
[SourceQuality "1"]
[WhiteTeam "SV Empor Berlin"]
[BlackTeam "Karlsruher SF"]
[TimeControl "40/5400+30:1800+30"]

1. e4 c5 2. Nf3 Nc6 3. d4 cxd4 4. Nxd4 Nf6 5. Nc3 e6 6. Be3 Bb4 7. f3 O-O 8. Be2 d5 9. Nxc6 bxc6 10. e5 Nd7 11. f4 f6 12. exf6 Qxf6 13. O-O Bxc3 14. bxc3 Qxc3 15. Bd4 Qa5 16. Bd3 c5 17. Qh5 g6 18. Bxg6 Nf6 19. Bxh7+ Kh8 20. Bxf6+ Rxf6 21. Rf3 Qc7 22. Bd3+ Kg8 23. Qh4 Rf7 24. Rh3 Kf8 25. Qg5 Ke8 26. Bb5+ Bd7 27. Qg8+ Rf8 28. Qxe6+ Kd8 29. Qxd5 Rb8 30. Bxd7 Qxd7 31. Qxc5 Rc8 32. Qxf8+ Kc7 33. Qc5+ Kb8 34. Rb1+ Ka8 {[%emt 0:00:02] unterminated} 35. Qe5 Re8 36. Rh8 {[%emt 0:01:11] unterminated} *

[Event "DVM U12 2019"]
[Site "Magedburg"]
[Date "2019.12.27"]
[Round "1"]
[White "Richter, Nicholas"]
[Black "Braun, Justus"]
[Result "1-0"]
[ECO "A40"]
[WhiteElo "1448"]
[BlackElo "1260"]
[Annotator "NA RC"]
[PlyCount "37"]
[EventDate "2019.12.27"]
[EventType "team-tourn"]
[EventRounds "7"]
[EventCountry "GER"]
[SourceTitle "playchess.com"]
[Source "ChessBase"]
[SourceQuality "1"]
[WhiteTeam "USV TU Dresden"]
[BlackTeam "SF Neureut"]
[TimeControl "40/5400+30:1800+30"]

1. d4 e6 2. c4 d6 3. e4 Nd7 4. Nc3 Ne7 5. Bd3 b6 6. Nge2 Bb7 7. Be3 g6 8. Qd2 Bg7 9. f3 e5 10. d5 O-O 11. g4 Nc5 12. Bc2 Qd7 13. h4 c6 14. h5 cxd5 15. exd5 Rac8 16. Bh6 Ba6 17. Bxg7 Kxg7 18. hxg6 Nxd5 19. Qh6+ {[%emt 0:03:07] normal} 1-0

[Event "DVM U12 2019"]
[Site "Magedburg"]
[Date "2019.12.27"]
[Round "1"]
[White "Scheinmaier, Mark"]
[Black "Espig, Nils"]
[Result "1/2-1/2"]
[ECO "A57"]
[WhiteElo "1399"]
[BlackElo "1596"]
[Annotator "NA RC"]
[PlyCount "86"]
[EventDate "2019.12.27"]
[EventType "team-tourn"]
[EventRounds "7"]
[EventCountry "GER"]
[SourceTitle "playchess.com"]
[Source "ChessBase"]
[SourceQuality "1"]
[WhiteTeam "SF Neureut"]
[BlackTeam "USV TU Dresden"]
[TimeControl "40/5400+30:1800+30"]

1. d4 Nf6 2. c4 c5 3. d5 b5 4. b3 d6 5. Nd2 g6 6. Bb2 Bg7 7. e4 b4 8. f4 Nh5 9. Bxg7 Nxg7 10. Be2 Nd7 11. Ngf3 O-O 12. O-O e6 13. a3 bxa3 14. Rxa3 Re8 15. Nb1 exd5 16. exd5 Nf5 17. Re1 Re4 18. Bd3 Rxe1+ 19. Qxe1 Nf6 20. Nc3 a6 21. Ne4 Nxe4 22. Bxe4 Qe7 23. Ra1 Bd7 24. Bxf5 Qxe1+ 25. Rxe1 Bxf5 26. Re7 Kf8 27. Rb7 a5 28. Ng5 h5 29. Rxf7+ Kg8 30. Rf6 Rd8 31. Ne6 Rb8 32. Nc7 Rxb3 33. Rxd6 Rc3 34. Rc6 Rxc4 35. Na6 Be4 36. Rc8+ Kf7 37. Rc7+ Kf6 38. Nxc5 Bxd5 39. Nd7+ Ke6 40. Rxc4 Bxc4 41. Nc5+ Kd5 42. Na4 Bb3 43. Nb2 a4 {normal} 1/2-1/2

[Event "DVM U12 2019"]
[Site "Magedburg"]
[Date "2019.12.27"]
[Round "1"]
[White "Liu, Leon"]
[Black "Spranger, Tobias"]
[Result "0-1"]
[ECO "C50"]
[WhiteElo "1344"]
[BlackElo "1390"]
[Annotator "NA RC"]
[PlyCount "48"]
[EventDate "2019.12.27"]
[EventType "team-tourn"]
[EventRounds "7"]
[EventCountry "GER"]
[SourceTitle "playchess.com"]
[Source "ChessBase"]
[SourceQuality "1"]
[WhiteTeam "Karlsruher SF"]
[BlackTeam "SV Empor Berlin"]
[TimeControl "40/5400+30:1800+30"]

1. e4 e5 2. Nf3 Nc6 3. Bc4 Bc5 4. d3 d6 5. h3 h6 6. c3 Nf6 7. Nbd2 O-O 8. Nf1 Be6 9. Bb3 d5 10. exd5 Bxd5 11. Ne3 Bxf3 12. gxf3 Qd7 13. Ba4 Rad8 14. b4 Bb6 15. Bc2 Ne7 16. a4 c6 17. Qe2 Ned5 18. Nxd5 Nxd5 19. Rg1 Qxh3 20. d4 exd4 21. Qd3 Rfe8+ 22. Kd2 dxc3+ 23. Kd1 Nf6 24. a5 Qxf3# {normal} 0-1

[Event "DVM U12 2019"]
[Site "Magedburg"]
[Date "2019.12.27"]
[Round "1"]
[White "Monninkhoff, Yari"]
[Black "Kiefhaber, Tobias"]
[Result "*"]
[ECO "B15"]
[WhiteElo "1272"]
[BlackElo "1483"]
[Annotator "NA RC"]
[PlyCount "62"]
[EventDate "2019.12.27"]
[EventType "team-tourn"]
[EventRounds "7"]
[EventCountry "GER"]
[SourceTitle "playchess.com"]
[Source "ChessBase"]
[SourceQuality "1"]
[WhiteTeam "SV Empor Berlin"]
[BlackTeam "Karlsruher SF"]
[TimeControl "40/5400+30:1800+30"]

1. e4 c6 2. d4 d5 3. Nc3 dxe4 4. Nxe4 Nf6 5. Nxf6+ exf6 6. Be3 Bd6 7. Bd3 Nd7 8. Nf3 Nb6 9. O-O Bg4 10. c4 Bc7 11. Re1 O-O 12. h3 Bh5 13. Rc1 Re8 14. b3 Qd7 15. Bb1 Re7 16. Qd3 Bg6 17. Qd2 Be4 18. Bxe4 Rxe4 19. Qd3 Rae8 20. Bd2 f5 21. Ng5 Rxe1+ 22. Rxe1 Rxe1+ 23. Bxe1 c5 24. d5 Qe7 25. Nf3 f4 26. Bc3 f6 27. Kf1 Nd7 28. Qe2 Ne5 29. Nxe5 Bxe5 30. Bd2 {[%emt 0:01:21] unterminated} Kf8 31. Qe4 g5 {[%emt 0:01:30] unterminated} *

[Event "DVM U12 2019"]
[Site "Magedburg"]
[Date "2019.12.27"]
[Round "1"]
[White "Studzinski, Bruno"]
[Black "Malchereck, Zion"]
[Result "0-1"]
[ECO "B32"]
[WhiteElo "1244"]
[BlackElo "1543"]
[Annotator "NA RC"]
[PlyCount "98"]
[EventDate "2019.12.27"]
[EventType "team-tourn"]
[EventRounds "7"]
[EventCountry "GER"]
[SourceTitle "playchess.com"]
[Source "ChessBase"]
[SourceQuality "1"]
[WhiteTeam "Barnimer SF"]
[BlackTeam "Hamburger SK"]
[TimeControl "40/5400+30:1800+30"]

1. e4 c5 2. Nf3 Nc6 3. d4 cxd4 4. Nxd4 e5 5. Nf3 Nf6 6. Nc3 Bb4 7. Bc4 O-O 8. O-O Bxc3 9. bxc3 Nxe4 10. Qd3 Nf6 11. Qe2 d5 12. Bb3 Bg4 13. h3 Bxf3 14. Qxf3 Qd6 15. a4 Rfe8 16. Ba3 Qd7 17. Rad1 Rad8 18. Rfe1 e4 19. Qf4 Qe6 20. f3 Qe5 21. Qxe5 Rxe5 22. fxe4 Rxe4 23. Rxe4 Nxe4 24. Rxd5 Rxd5 25. Bxd5 Nxc3 26. Bxc6 bxc6 27. Bc5 a6 28. a5 f6 29. Kf1 Kf7 30. Ke1 Ke6 31. Bd4 Ne4 32. Ke2 Kd5 33. Kd3 Nd6 34. g4 c5 35. Be3 Nc4 36. Bd2 Nxd2 37. Kxd2 Kd4 38. c3+ Kc4 39. Kc2 Kb5 40. Kd3 Kxa5 41. Kc4 Kb6 42. Kb3 g6 43. Kc4 Kc6 44. Kd3 Kd5 45. c4+ Ke5 46. Kc3 f5 47. gxf5 gxf5 48. Kb3 f4 49. Ka4 Kd4 {[%emt 0:00:03] normal} 0-1

[Event "DVM U12 2019"]
[Site "Magedburg"]
[Date "2019.12.27"]
[Round "1"]
[White "Tang, Shunjie Roger"]
[Black "Fruth, David"]
[Result "0-1"]
[ECO "A48"]
[WhiteElo "1133"]
[BlackElo "1473"]
[Annotator "NA RC"]
[PlyCount "104"]
[EventDate "2019.12.27"]
[EventType "team-tourn"]
[EventRounds "7"]
[EventCountry "GER"]
[SourceTitle "playchess.com"]
[Source "ChessBase"]
[SourceQuality "1"]
[WhiteTeam "SF Neureut"]
[BlackTeam "USV TU Dresden"]
[TimeControl "40/5400+30:1800+30"]

1. d4 Nf6 2. Bf4 g6 3. Nf3 Bg7 4. e3 O-O 5. c4 d6 6. Nc3 Bf5 7. Be2 Nc6 8. O-O a5 9. a3 Qd7 10. Rc1 Nh5 11. Bg5 h6 12. Bf4 Nxf4 13. exf4 Bg4 14. Nh4 Bxe2 15. Qxe2 Nxd4 16. Qd1 Qe6 17. Nd5 Ne2+ 18. Kh1 Nxc1 19. Qxc1 Qd7 20. Rd1 e6 21. Ne3 Qe7 22. Nf3 Qf6 23. b3 Qxf4 24. Re1 g5 25. h3 Bf6 26. Qd1 Bc3 27. Rf1 Bg7 28. Qc2 h5 29. Qe2 g4 30. hxg4 hxg4 31. Nh2 g3 32. fxg3 Qxg3 33. Neg4 Qxb3 34. Rf3 Qb1+ 35. Rf1 Qb2 36. Qe3 Qc3 37. Qg5 f6 38. Nh6+ Kh7 39. Qh4 Bxh6 40. Rf3 Qc1+ 41. Nf1 Qg5 42. Qe4+ f5 43. Qxe6 Rae8 44. Qd5 Qh4+ 45. Rh3 Qe4 46. Qd2 Rf6 47. Qf2 Qe2 48. Qg1 Rg6 49. Ng3 Rxg3 50. Rxg3 Qe1 {[%emt 0:00:19] unterminated} 51. Rf3 Re3 {[%emt 0:00:47] unterminated} 52. Rxe3 Qxg1+ {[%emt 0:00:07] unterminated} 0-1

[Event "DVM U12 2019"]
[Site "Magedburg"]
[Date "2019.12.27"]
[Round "2"]
[White "Nitsche, Nikolai"]
[Black "Hecht, Jonas Christian"]
[Result "0-1"]
[ECO "D00"]
[WhiteElo "1808"]
[BlackElo "1754"]
[Annotator "NA"]
[PlyCount "64"]
[EventDate "2019.12.27"]
[EventType "team-tourn"]
[EventRounds "7"]
[EventCountry "GER"]
[SourceTitle "playchess.com"]
[Source "ChessBase"]
[SourceQuality "1"]
[WhiteTeam "SV Empor Berlin"]
[BlackTeam "SC Kreuzberg"]
[TimeControl "40/5400+30:1800+30"]

1. d4 d5 2. Bf4 c5 3. e3 Nc6 4. c3 Qb6 5. Qb3 c4 6. Qc2 Nf6 7. Nd2 Nh5 8. Bg5 h6 9. Bh4 g5 10. Bg3 Nxg3 11. hxg3 Qa5 12. Ngf3 Bg7 13. e4 e6 14. e5 Bd7 15. Nh2 Ne7 16. Ng4 Nf5 17. Nf3 b5 18. Be2 Bc6 19. Nf6+ Kf8 20. g4 Ne7 21. Nh5 Ng6 22. g3 Qd8 23. O-O Rg8 24. Nh2 Bh8 25. f4 gxf4 26. gxf4 Qh4 27. Kh1 Qh3 28. f5 Nh4 29. Nf4 Qg3 30. fxe6 Bxe5 31. Qh7 Rg7 32. Qxh6 Bxf4 {[%emt 0:00:19] normal} 0-1

[Event "DVM U12 2019"]
[Site "Magedburg"]
[Date "2019.12.27"]
[Round "2"]
[White "Bungarten, Jona"]
[Black "Kempe, Caius Emilian"]
[Result "1-0"]
[ECO "B21"]
[WhiteElo "1750"]
[BlackElo "1832"]
[Annotator "NA"]
[PlyCount "57"]
[EventDate "2019.12.27"]
[EventType "team-tourn"]
[EventRounds "7"]
[EventCountry "GER"]
[SourceTitle "playchess.com"]
[Source "ChessBase"]
[SourceQuality "1"]
[WhiteTeam "SF Brackel"]
[BlackTeam "USV TU Dresden"]
[TimeControl "40/5400+30:1800+30"]

1. e4 c5 2. d4 cxd4 3. c3 dxc3 4. Nxc3 Nc6 5. Nf3 e6 6. Bc4 Qc7 7. Qe2 Nf6 8. e5 Ng4 9. Nb5 Qb8 10. O-O a6 11. Nd6+ Bxd6 12. exd6 Qxd6 13. Rd1 Qc7 14. Qe4 f5 15. Qe2 O-O 16. g3 b5 17. Bf4 Qa7 18. Bb3 Kh8 19. Rac1 Na5 20. Rc7 Qb6 21. Qc2 d5 22. Ne5 Nf6 23. Be3 Qb8 24. Qc5 Kg8 25. Rxg7+ Kxg7 26. Qe7+ Kg8 27. Bh6 Rf7 28. Qxf7+ Kh8 29. Bg7# {[%emt 0:00:05] normal} 1-0

[Event "DVM U12 2019"]
[Site "Magedburg"]
[Date "2019.12.27"]
[Round "2"]
[White "Fuhrmann, Bahne"]
[Black "Kageler, Anton Paul"]
[Result "1-0"]
[ECO "B76"]
[WhiteElo "1603"]
[BlackElo "1777"]
[Annotator "NA"]
[PlyCount "37"]
[EventDate "2019.12.27"]
[EventType "team-tourn"]
[EventRounds "7"]
[EventCountry "GER"]
[SourceTitle "playchess.com"]
[Source "ChessBase"]
[SourceQuality "1"]
[WhiteTeam "Hamburger SK"]
[BlackTeam "SV Roter Turm Halle"]
[TimeControl "40/5400+30:1800+30"]

1. e4 c5 2. Nf3 d6 3. d4 cxd4 4. Nxd4 Nf6 5. Nc3 g6 6. Be3 Bg7 7. f3 O-O 8. Bc4 Nc6 9. g4 h5 10. h4 Bd7 11. Qd2 Rc8 12. O-O-O a5 13. Bb3 hxg4 14. h5 Nxh5 15. Nxc6 Rxc6 16. Bh6 Bxh6 17. Qxh6 Rxc3 18. Qxg6+ Ng7 19. Qh7# {normal} 1-0

[Event "DVM U12 2019"]
[Site "Magedburg"]
[Date "2019.12.27"]
[Round "2"]
[White "Espig, Nils"]
[Black "Tomasjan, Samuel"]
[Result "0-1"]
[ECO "C10"]
[WhiteElo "1596"]
[BlackElo "1662"]
[Annotator "NA"]
[PlyCount "70"]
[EventDate "2019.12.27"]
[EventType "team-tourn"]
[EventRounds "7"]
[EventCountry "GER"]
[SourceTitle "playchess.com"]
[Source "ChessBase"]
[SourceQuality "1"]
[WhiteTeam "USV TU Dresden"]
[BlackTeam "SF Brackel"]
[TimeControl "40/5400+30:1800+30"]

1. e4 e6 2. d4 d5 3. Nc3 dxe4 4. Nxe4 Nd7 5. Nf3 Ngf6 6. Bd3 Be7 7. O-O b6 8. Re1 Bb7 9. c3 O-O 10. Bd2 c5 11. dxc5 Nxc5 12. Nxc5 Bxc5 13. Qe2 Qd7 14. Rad1 Qd5 15. Bc4 Qh5 16. Ne5 Qh4 17. Bb3 a5 18. Nf3 Bxf3 19. Qxf3 Ng4 20. Re4 Qxf2+ 21. Kh1 Qxf3 22. gxf3 Nf2+ 23. Kg2 Nxe4 24. fxe4 Rad8 25. Kf3 Rd3+ 26. Ke2 Rh3 27. Bf4 Rh5 28. a3 Be7 29. Rd7 Rb5 30. Kd2 Rd8 31. Rxd8+ Bxd8 32. Kc2 Rh5 33. Kd2 Bg5 34. Bxg5 Rxg5 35. h3 Rh5 {[%emt 0:00:33] normal} 0-1

[Event "DVM U12 2019"]
[Site "Magedburg"]
[Date "2019.12.27"]
[Round "2"]
[White "Held, Momme Fredrik"]
[Black "Freude, Max"]
[Result "0-1"]
[ECO "A36"]
[WhiteElo "1573"]
[BlackElo "1809"]
[Annotator "NA"]
[PlyCount "76"]
[EventDate "2019.12.27"]
[EventType "team-tourn"]
[EventRounds "7"]
[EventCountry "GER"]
[SourceTitle "playchess.com"]
[Source "ChessBase"]
[SourceQuality "1"]
[WhiteTeam "SC Kreuzberg"]
[BlackTeam "SV Empor Berlin"]
[TimeControl "40/5400+30:1800+30"]

1. c4 c5 2. g3 g6 3. Bg2 Bg7 4. Nc3 Nc6 5. a3 Nf6 6. Rb1 O-O 7. e4 d6 8. Nge2 Ne8 9. O-O a5 10. d3 Nc7 11. Be3 Nd4 12. h3 h6 13. f4 f5 14. Kh2 Kh7 15. Kg1 Nce6 16. Kh2 Nxe2 17. Qxe2 Nd4 18. Qd1 e6 19. Ne2 Rb8 20. b4 Qc7 21. b5 b6 22. a4 Bb7 23. Nxd4 cxd4 24. Bg1 fxe4 25. Re1 e3 26. Qe2 Bxg2 27. Qxg2 Qb7 28. Re2 Qxg2+ 29. Kxg2 e5 30. Bh2 g5 31. Rf1 Rbc8 32. Rc2 e4 33. Rd1 d5 34. dxe4 dxc4 35. e5 d3 36. Ra2 e2 37. Re1 c3 38. Raa1 c2 {[%emt 0:03:07] normal} 0-1

[Event "DVM U12 2019"]
[Site "Magedburg"]
[Date "2019.12.27"]
[Round "2"]
[White "Malchereck, Zion"]
[Black "Adelmeyer, Nelly"]
[Result "1/2-1/2"]
[ECO "C01"]
[WhiteElo "1543"]
[BlackElo "1453"]
[Annotator "NA"]
[PlyCount "78"]
[EventDate "2019.12.27"]
[EventType "team-tourn"]
[EventRounds "7"]
[EventCountry "GER"]
[SourceTitle "playchess.com"]
[Source "ChessBase"]
[SourceQuality "1"]
[WhiteTeam "Hamburger SK"]
[BlackTeam "SV Roter Turm Halle"]
[TimeControl "40/5400+30:1800+30"]

1. e4 e6 2. d4 d5 3. exd5 exd5 4. Nf3 Nf6 5. Bd3 Be7 6. O-O O-O 7. Bf4 Bg4 8. h3 Bh5 9. Nbd2 c6 10. c3 Re8 11. Re1 Nbd7 12. Qc2 Bg6 13. Bxg6 fxg6 14. c4 Nb6 15. c5 Nbd7 16. Ng5 Nf8 17. Ne6 Nxe6 18. Rxe6 Bf8 19. Rxe8 Qxe8 20. Be5 Qd7 21. f3 Re8 22. Re1 Qf5 23. Qb3 Bxc5 24. dxc5 Rxe5 25. Rxe5 Qxe5 26. Qxb7 Qe3+ 27. Kh2 Qxd2 28. Qc8+ Kf7 29. Qc7+ Kf8 30. Qd6+ Kf7 31. Qc7+ Ke6 32. Qxc6+ Kf5 33. Qc8+ Kg5 34. c6 d4 35. h4+ Kh5 36. Kh3 Qf4 37. g4+ Kh6 38. g5+ Kh5 39. gxf6 Qxf3+ {[%emt 0:00:27] normal} 1/2-1/2